 Dungeon Crawl Stone Soup version 0.28.0-43-g3370ac3207 (webtiles) character file.

Game seed: 10842386553851776536

900 adizb the Bolt Thrower (level 7, 0/62 HPs)
             Began as a Minotaur Hunter on Mar 7, 2022.
             Slain by a troll (10 damage)
             ... on level 5 of the Dungeon.
             The game lasted 00:17:42 (2798 turns).

adizb the Bolt Thrower (Minotaur Hunter)            Turns: 2798, Time: 00:17:43

Health: 0/62       AC:  7    Str: 17    XL:     7   Next: 79%
Magic:  6/6        EV: 12    Int:  8    God:
Gold:   181        SH:  0    Dex: 18    Spells: 6/6 levels left

rFire   . . .      SeeInvis .   A - +0 hand crossbow (flame)
rCold   . . .      Faith    .   (no shield)
rNeg    . . .      Spirit   .   i - +0 scale mail
rPois   .          Reflect  .   (helmet restricted)
rElec   .          Harm     .   (no cloak)
rCorr   .          Rampage  .   (no gloves)
Will    .....                   (no boots)
Stlth   ..........              w - amulet of regeneration
HPRegen 1.00/turn               v - +6 ring of dexterity
MPRegen 0.10/turn               (no ring)

@: about to teleport
A: horns 2, retaliatory headbutt
a: no special abilities


You were on level 5 of the Dungeon.
You visited 1 branch of the dungeon, and saw 5 of its levels.

You collected 181 gold pieces.

Inventory:

Hand Weapons
 a - a +2 hand crossbow
 e - a +0 flail
 p - a +1 hand axe of freezing
 u - a +0 falchion
 A - a +0 hand crossbow of flaming (weapon)
Missiles
 d - 35 bolts (quivered ammo)
 g - 6 javelins
 l - 2 silver javelins
 x - 5 poisoned darts
Armour
 c - a +0 leather armour
 i - a +0 scale mail (worn)
 k - an orb of wrath
 y - a +2 robe of resistance
Jewellery
 j - an amulet of guardian spirit
 v - a +6 ring of dexterity (left hand)
 w - an amulet of regeneration (around neck)
Wands
 z - a wand of digging (4)
Scrolls
 b - 2 scrolls of noise {unknown}
 f - 3 scrolls of teleportation
 m - a scroll of enchant armour {unknown}
 n - 4 scrolls of holy word {unknown}
 t - a scroll of immolation {unknown}
Potions
 h - 2 potions of magic
 o - 2 potions of cancellation {unknown}
 q - a potion of might {unknown}
 s - a potion of brilliance {unknown}


   Skills:
 + Level 5.7 Fighting
 * Level 6.7 Crossbows
 + Level 4.9 Armour
 + Level 5.2 Dodging
 - Level 0.7 Stealth


You had 6 spell levels left.
You didn't know any spells.
Your spell library contained the following spells:

 Spells                   Type           Power      Damage    Failure   Level
 Sandblast                Erth           0%         2d4       80%         1
 Ensorcelled Hibernation  Hex/Ice        0%         N/A       90%         2
 Passwall                 Tmut/Erth      0%         N/A       90%         2
 Gell's Gravitas          Tloc           0%         N/A       99%         3
 Ignite Poison            Fire/Tmut/Pois 0%         N/A       99%         3
 Lesser Beckoning         Tloc           0%         N/A       99%         3
 Mephitic Cloud           Conj/Pois/Air  0%         N/A       99%         3
 Stone Arrow              Conj/Erth      0%         3d7       99%         3
 Swiftness                Air            0%         N/A       99%         3
 Teleport Other           Tloc           0%         N/A       99%         3
 Freezing Cloud           Conj/Ice/Air   0%         6-21      100%        5


Dungeon Overview and Level Annotations

Branches:
Dungeon (5/15)
 Temple: D:4-7

Altars:


Innate Abilities, Weirdness & Mutations

You have a pair of horns on your head.
You reflexively headbutt those who attack you in melee.


Message History

The kobold hits you with a +0 whip.
You hit the kobold. You freeze the kobold.
You kill the kobold!
You hit the kobold but do no damage. You hit the kobold. You freeze the kobold.
You kill the kobold!
The kobold hits you with a +0 club. The kobold hits you but does no damage.
You hit the kobold but do no damage. The kobold hits you but does no damage.
You closely miss the kobold.
A troll comes into view.
The kobold hits you with a +0 club.
You hit the kobold but do no damage. The kobold hits you with a +0 club. x2
You barely miss the kobold. The kobold hits you but does no damage.
You hit the kobold. You freeze the kobold.
You kill the kobold!
Your +1 hand axe of freezing stops glowing.
Your +0 hand crossbow of flaming bursts into flame!
A - a +0 hand crossbow of flaming (weapon)
You shoot a bolt. The bolt hits the troll!
The bolt burns the troll.
The troll is heavily wounded.
You shoot a bolt. The bolt barely misses the troll.
You shoot a bolt. The bolt closely misses the troll.
The troll bites you! The troll claws you! The troll claws you.
You shoot a bolt. The bolt completely misses the troll.
The troll barely misses you. The troll claws you but does no damage.
The troll claws you.
You shoot a bolt. The bolt hits the troll!
The bolt burns the troll.
The troll is severely wounded.
The troll closely misses you. The troll claws you but does no damage.
The troll claws you! The troll bites you! The troll barely misses you.
The troll claws you!
* * * LOW HITPOINT WARNING * * *
You feel better. The troll bites you but does no damage.
The troll closely misses you. The troll claws you!
* * * LOW HITPOINT WARNING * * *
You feel better. The troll bites you!
* * * LOW HITPOINT WARNING * * *
The troll closely misses you. x2
As you read the scroll of teleportation, it crumbles to dust.
You feel strangely unstable. The troll bites you!
You die...

## ## ##.# .#...
#... ####.#...
<.##... #..#......
.......###.........
#.............(..
#!....# (....(.. .
##..).##.....K.. ...
#..)@.......(..
....#..)T)..#(.(...
.........####).K...
.....≈..(....).....
≈≈....≈#.....K......
.#...(≈≈...........#
#.....≈≈..........#
###...≈((..........
.....≈......[#....


You could see a troll.

Vanquished Creatures
  Grinder (D:4)
  Duvessa (D:4)
  2 ogres (D:4)
  A kobold brigand (D:5)
  Dowan (D:4)
  2 hounds
  An iguana (D:4)
  Robin (D:4)
  5 gnolls
  6 adders
  2 worms (D:2)
  2 dart slugs (D:4)
  8 orcs
  5 bats
  7 endoplasms
  3 giant cockroaches
  10 goblins
  12 hobgoblins
  7 jackals
  A quokka (D:3)
  11 ball pythons
  4 frilled lizards
  10 kobolds
  7 rats
110 creatures vanquished.

Notes
Turn   | Place    | Note
-------+----------+-------------------------------------------
     0 | D:1      | adizb the Minotaur Hunter began the quest for the Orb.
     0 | D:1      | Reached XP level 1. HP: 18/18 MP: 0/0
    42 | D:1      | Found a faded altar of an unknown god.
   104 | D:1      | Reached XP level 2. HP: 25/25 MP: 1/1
   110 | D:1      | Reached skill level 1 in Armour
   221 | D:1      | Reached XP level 3. HP: 17/30 MP: 2/2
   892 | D:2      | Reached XP level 4. HP: 26/38 MP: 3/3
  1014 | D:2      | Reached skill level 5 in Crossbows
  1525 | D:3      | Reached XP level 5. HP: 46/46 MP: 4/4
  2029 | D:4      | Noticed Grinder
  2033 | D:4      | Paralysed by Grinder for 3 turns
  2039 | D:4      | Paralysed by Grinder for 5 turns
  2047 | D:4      | Killed Grinder
  2048 | D:4      | Reached XP level 6. HP: 39/53 MP: 5/5
  2221 | D:4      | Noticed Dowan
  2222 | D:4      | Noticed Duvessa
  2229 | D:4      | Killed Duvessa
  2230 | D:4      | Reached skill level 5 in Fighting
  2230 | D:4      | Reached skill level 6 in Crossbows
  2230 | D:4      | Reached XP level 7. HP: 54/61 MP: 6/6
  2234 | D:4      | Killed Dowan
  2370 | D:4      | Reached skill level 5 in Dodging
  2506 | D:4      | Noticed Robin
  2515 | D:4      | Killed Robin
  2739 | D:5      | Entered Level 5 of the Dungeon
  2786 | D:5      | Noticed a troll
  2798 | D:5      | Slain by a troll

Illustrated notes

Levels and vault maps discovered:
D:1:      dpeg_arrival_more_subterranean_lakeside_camping, layout_rooms,
          basic_ecumenical_altar, chequers_serial_rivers_micro_a
D:2:      layout_basic
D:3:      layout_loops_ring
D:4:      layout_loops_ring, serial_co_window_serial, co_window_paths_b,
          co_window_corner_a, co_window_paths_b, co_window_corner_a,
          co_window_paths_b, co_window_corner_b, co_window_broadway_a,
          co_window_broadway_a, co_window_broadway_b, co_window_paths_c,
          co_window_corner_b, co_window_paths_c, co_window_paths_e,
          dk_noncrumbling_3, uniq_grinder, uniq_robin, uniq_duvessa
D:5:      layout_cave_pools, serial_rivers, chequers_serial_rivers_small_b,
          chequers_serial_rivers_small_a, chequers_serial_rivers_large_b,
          chequers_serial_rivers_micro_e, chequers_serial_rivers_small_b,
          nrook_pool_corridor, nrook_campfire

Skill      XL: |  1  2  3  4  5  6  7 |
---------------+----------------------+-----
Armour         | 1 2 3 4 |  4.9
Fighting       | 3 4 5 |  5.7
Dodging        | 3 4 5 |  5.2
Crossbows      | 5 6 |  6.7
Stealth        | |  0.7

Action                   |  1- 3 |  4- 6 |  7- 9 || total
-------------------------+-------+-------+-------++-------
Melee: Club              |    40 |    15 |       ||    55
       Headbutt          |     5 |     5 |     1 ||    11
       Hand axe          |       |    28 |    12 ||    40
       Short sword       |       |     3 |       ||     3
 Fire: Hand crossbow     |    58 |    64 |    60 ||   182
  Use: Scroll            |     4 |     2 |     2 ||     8
       Potion            |       |       |     2 ||     2
Armor: Leather armour    |     2 |       |       ||     2
       Scale mail        |    22 |    38 |    19 ||    79
Dodge: Dodged            |    32 |    37 |    38 ||   107
